cohdb
Replays
Latest Replays
All Replays
Popular Replays
Top Player Replays
Match Explorer
How It Works
Community
CoH3 Stats
Reddit
Sign in to upload your games and track your stats! →
Sign in with Steam
Match 42535293
Unlisted
Match 42535293
Overview
Messages
Build Orders
End
Selects Armored Battlegroup
Selects Assault Engineers
Assault Engineer Squad
Construct Barracks
1⁄4-ton 4x4 Truck
1⁄4-ton 4x4 Truck
Assault Engineer Squad
Air Support Center
Grasshopper Recon Run
Construct Motor Pool
Selects Fast Deploy
M8 Greyhound Armored Car
Assault Engineer Squad
M8 Greyhound Armored Car
Selects Field Repairs
Assault Engineer Squad
Grasshopper Recon Run
M8 Greyhound Armored Car
Grasshopper Recon Run
Assault Engineer Squad
Assault Engineer Squad
M8 Greyhound Armored Car
M1 Anti-tank Gun Team
Selects War Machine
M24 Chaffee Light Tank
P-47 Dive Bomb
Grasshopper Recon Run
M1 Anti-tank Gun Team
M24 Chaffee Light Tank
M24 Chaffee Light Tank
ZOMBIEGIRL
BONES
AndreiM2006
Dave
0
0
Comments
sign in to comment!
No comments posted yet!